 Dungeon Sprint DCSS version 0.19.0-1-g5985abe (webtiles) character file.

472662 varam the End of an Era (level 18, 200/200 HPs)
             Began as a Demonspawn Monk on Nov 3, 2016.
             Was the Champion of Qazlal.
             Escaped with the Orb!
             The game lasted 00:44:54 (3725 turns).

varam the End of an Era (Demonspawn Monk)           Turns: 3725, Time: 00:44:55

Health: 200/200    AC: 51    Str: 28    XL:     18   Next: 80%
Magic:  26/26      EV: 16    Int: 15    God:    Qazlal [******]
Gold:   0          SH: 46    Dex: 26    Spells: 1 memorised, 30 levels left

rFire  + . .     SeeInvis .     I - +9 broad axe (vamp)
rCold  + + .     Gourm    .     K - +12 gold dragon scales
rNeg   + . .     Faith    +     q - +18 shield of the Gong {rElec rN+ MR+ EV-5}
rPois  +         Spirit   .     (helmet unavailable)
rElec  +         Reflect  .     Z - +2 cloak {+Inv}
rCorr  .         Harm     .     T - +0 pair of gloves of the Heron {Dex+3}
MR     ++++.     NoTele   +     P - +2 pair of boots {Stlth+}
Stlth  ..........               s - amulet of faith
                                S - ring "Wiw Miunt" {+Blink Str+3 Int+4 Dex+5}
                                N - ring of Mafupock {rPois MR++ MP-9 Str+7}

@: repel missiles
A: horns 3, molten scales 2, cold resistance 1, foul stench 1, robust 1, rot
immunity
a: Upheaval, Elemental Force, Disaster Area, Renounce Religion, Evoke Blink,
Evoke Invisibility
0: Orb of Zot


You escaped.
You worshipped Qazlal.
Qazlal was exalted by your worship.
You were not hungry.

You visited 1 branch

Inventory:

Hand Weapons
 u - a +3 antimagic broad axe
 I - a +9 vampiric broad axe (weapon)
 Y - the +8 mithril axe "Arga" {speed, MR+}
   (You found it in the Dungeon)

   Attacks with this weapon are significantly faster.
   It affects your resistance to hostile enchantments.
Armour
 q - the +18 shield of the Gong (worn) {rElec rN+ MR+ EV-5}
   (You found it in the Dungeon)

   It affects your evasion (-5).
   It insulates you from electricity.
   It protects you from negative energy.
   It affects your resistance to hostile enchantments.
 K - +12 gold dragon scales (worn)
 P - a +2 pair of boots of stealth (worn)
 T - the +0 pair of gloves of the Heron (worn) {Dex+3}
   (You found it in the Dungeon)

   It affects your dexterity (+3).
 Z - a +2 cloak of invisibility (worn)
Jewellery
 a - the ring of Vaup {*Slow rF+ EV+2 Dex+2 Slay+2}
   (You found it in the Dungeon)

   [ring of evasion]

   It affects your evasion (+2).
   It affects your dexterity (+2).
   It affects your accuracy and damage with ranged weapons and melee attacks
   (+2).
   It protects you from fire.
   It may slow you when you take damage.
 m - the ring of Afaan {rC+ rN+ Str+2}
   (You took it off a balrug in the Dungeon)

   [ring of protection from cold]

   It affects your strength (+2).
   It protects you from cold.
   It protects you from negative energy.
 p - the ring "Oxuxu" {rCorr Str+2 Int+3 Dex-5}
   (You found it in the Dungeon)

   [ring of resist corrosion]

   It affects your strength (+2).
   It affects your intelligence (+3).
   It affects your dexterity (-5).
 r - the ring of Shadows {Umbra +Inv Stlth+}
   (You found it in the Dungeon)

   [ring of stealth]

   It lets you turn invisible.
   It makes you more stealthy.
 s - an amulet of faith (around neck)
 v - the ring "Yrphuwucs" {rElec rF+ EV+3}
   (You found it in the Dungeon)

   [ring of evasion]

   It affects your evasion (+3).
   It protects you from fire.
   It insulates you from electricity.
 L - the ring of Lies {+Blink rF- rC+ rN+ Int+4}
   (You found it in the Dungeon)

   [ring of positive energy]

   It affects your intelligence (+4).
   It makes you vulnerable to fire.
   It protects you from cold.
   It protects you from negative energy.
   It lets you blink.
 M - the ring "Xoasuink" {rC+ rN+ MR+ Int+2}
   (You found it in the Dungeon)

   [ring of protection from magic]

   It affects your intelligence (+2).
   It protects you from cold.
   It protects you from negative energy.
   It affects your resistance to hostile enchantments.
 N - the ring of Mafupock (left hand) {rPois MR++ MP-9 Str+7}
   (You found it in the Dungeon)

   [ring of poison resistance]

   It affects your strength (+7).
   It protects you from poison.
   It affects your resistance to hostile enchantments.
   It affects your magic capacity (-9).
 R - the amulet "Jaukaqada" {rN+ MR+ Regen+ Int-5}
   (You found it in the Dungeon)

   [amulet of regeneration]

   It affects your intelligence (-5).
   It protects you from negative energy.
   It affects your resistance to hostile enchantments.
   It increases your rate of regeneration.
 S - the ring "Wiw Miunt" (right hand) {+Blink Str+3 Int+4 Dex+5}
   (You found it in the Dungeon)

   [ring of intelligence]

   It affects your strength (+3).
   It affects your intelligence (+4).
   It affects your dexterity (+5).
   It lets you blink.
 V - the ring of Pessimism {Ice MR+ Int+4 Dex+4}
   (You found it in the Dungeon)

   [ring of ice]

   It enhances your ice magic.
   It affects your intelligence (+4).
   It affects your dexterity (+4).
   It makes you vulnerable to fire.
   It protects you from cold.
   It affects your resistance to hostile enchantments.
Wands
 b - a wand of hasting (6/9)
 t - a wand of hasting (5/9)
 w - a wand of disintegration (7/24)
 x - a wand of iceblast (5/15)
 y - a wand of lightning (5/15)
 z - a wand of acid (5/15)
Scrolls
 i - 4 scrolls of blinking
 C - 4 scrolls of amnesia
 D - 6 scrolls of recharging
 E - 7 scrolls of fog
 F - 5 scrolls of identify
 G - 4 scrolls of remove curse
 H - 2 scrolls of fear
 J - 2 scrolls of brand weapon
 U - 4 scrolls of enchant weapon
Potions
 d - 10 potions of curing
 e - 14 potions of heal wounds
 f - 11 potions of haste
 g - 6 potions of magic
 h - a potion of berserk rage
 k - 2 potions of invisibility
 l - 4 potions of resistance
 n - 6 potions of agility
 o - 5 potions of might
Miscellaneous
 O - 13 phantom mirrors
 Q - 6 boxes of beasts
 W - a lamp of fire
 X - a fan of gales
Comestibles
 c - 2 bread rations
 A - 42 fruits
 B - 4 meat rations


   Skills:
 O Level 27 Fighting
 - Level 18.0 Axes
 - Level 25.1 Armour
 + Level 18.1 Dodging
 - Level 1.7 Stealth
 - Level 25.1 Shields
 - Level 9.8 Spellcasting
 O Level 27 Invocations


You had 30 spell levels left.
You knew the following spells:

 Your Spells              Type           Power        Failure   Level  Hunger
a - Statue Form           Tmut/Erth      #........    100%        6    ######.


Dungeon Overview and Level Annotations

Branches:
Dungeon (1/1)

Altars:
Ashenzari
Cheibriados
Dithmenos
Elyvilon
Fedhas
Gozag
Hepliaklqana
Kikubaaqudgha
Makhleb
Nemelex Xobeh
Okawaru
Qazlal
Ru
Sif Muna
Trog
Uskayaw
Vehumet
Xom
Yredelemnul
Zin
The Shining One
Beogh
Jiyva
Lugonu


Innate Abilities, Weirdness & Mutations

You have a pair of large horns on your head.
You are mostly covered in molten scales. (AC +3)
Your flesh is cold resistant. (rC+)
You may emit foul miasma when damaged in melee.
You are robust. (+10% HP)
You are immune to rotting.


Message History

Really wield
I - a +9 vampiric broad axe?
You feel a dreadful hunger.
I - a +9 vampiric broad axe (weapon)
You see here a phial of floods.
You see here an uncursed staff of wizardry.
You see here a book of Changes.
You see here an uncursed staff of power.
You see here a +9 giant spiked club.
You see here a +4 dagger of draining.
An exit appears before you!
Your surroundings seem different!
Found the Orb of Zot.
Found a staircase leading out of the dungeon.
You can't go down here!
You see here the Orb of Zot.
You see here the Orb of Zot.
You pick up the Orb of Zot!
The Orb lets out a hideous shriek!
The lords of Pandemonium are not amused.
Beware!
Now all you have to do is get back out of the dungeon!
There is a staircase leading out of the dungeon here.
You have escaped!

=.[.[|÷|)...▓..▓"......▓..▓..|8©8
...[........▓.▓▓▓.)...▓▓▓.▓.....[
......).....▓.)▓.)|....▓..▓...}:.
[....[......▓..)..........▓......
............▓...).........▓......
............▓▓▓▓▓▓▓▓▓▓▓▓▓▓▓...)..
▓..)....▓...▓8888888888888▓......
▓▓..)..▓▓▓..▓8.§.........8▓......
▓.......▓...▓8.§@§.......8▓.▓....
)...........▓8.§.§.......8▓......
............▓8888888888888▓▓▓▓▓▓▓
▓▓▓▓▓▓▓▓▓▓▓▓▓▓▓▓▓▓▓▓▓▓▓▓▓▓▓▓▓▓▓▓▓
.....8©8........▓........8©8.....
:))=)).=.:):[[).▓....:.)}.[).[}})
}["===[|=)|..:}.▓.):)|.:=.:}:.:.[
|).|[[%)}})[)==.▓.}.:.|..|..}.[?.
................▓.......:..}.....


There were no monsters in sight!

Vanquished Creatures
  An orb of fire (D)
  5 greater mummies (D)
  A pandemonium lord (D)
  3 liches (D)
  2 deep elf blademasters (D)
  4 deep elf master archers (D)
  6 krakens (D)
  An Executioner (D)
  2 tentacled starspawn (D)
  3 thorn hunters (D)
  A shadow dragon (D)
  4 deep elf sorcerers (D)
  3 balrugs (D)
  A ghoul (D)
  2 spriggan defenders (D)
  A reaper (D)
  3 orc warlords (D)
  A very ugly thing (D)
  4 vampire knights (D)
  9 stone giants (D)
  2 deep elf annihilators (D)
  2 death oozes (D)
  12 merfolk javelineers (D)
  11 merfolk impalers (D)
  3 fire dragons (D)
  9 mummy priests (D)
  3 deep elf high priests (D)
  6 vault guards (D)
  5 merfolk aquamancers (D)
  6 spriggan air magi (D)
  3 hydras (D)
  A merfolk avatar (D)
  3 dancing weapons (D)
  3 death scarabs (D)
  5 hell hogs (D)
  2 orc high priests (D)
  8 spriggan berserkers (D)
  A thrashing horror (D)
  4 deep elf knights (D)
  A hell knight (D)
  2 sixfirhies (D)
  3 wretched stars (D)
  3 skeletal warriors (D)
  4 large abominations (D)
  3 sea snakes (D)
  2 deep elf archers (D)
  A lindwurm (D)
  6 deep elf magi (D)
  3 harpies (D)
  An oklob plant (D)
  A harpy (shapeshifter) (D)
  2 shambling mangroves (D)
  9 orc knights (D)
  2 necromancers (D)
  A shining eye (D)
  3 manticores (D)
  A moth of wrath (D)
  6 orc sorcerers (D)
  2 cyclopes (D)
  A worldbinder (D)
  3 rust devils (D)
  2 black mambas (D)
  4 elephants (D)
  2 sirens (D)
  4 water nymphs (D)
  An eye of devastation (D)
  2 smoke demons (D)
  A hellion (D)
  7 spiny frogs (D)
  2 tormentors (D)
  5 komodo dragons (D)
  6 efreet (D)
  2 freezing wraiths (D)
  6 ancient zymes (D)
  A hellwing (D)
  3 yaktaurs (D)
  14 guardian mummies (D)
  3 red devils (D)
  2 ice devils (D)
  4 dryads (D)
  3 trolls (D)
  4 merfolk (D)
  A two-headed ogre (D)
  A wind drake (D)
  6 hippogriffs (D)
  4 raiju (D)
  4 slime creatures (D)
  3 snapping turtles (D)
  2 shadows (D)
  4 flying skulls (D)
  A water elemental (D)
  2 redbacks (D)
  2 basilisks (D)
  3 vampires (D)
  2 ynoxinuls (D)
  2 air elementals (D)
  7 ushabtiu (D)
  4 wraiths (D)
  4 yaks (D)
  6 fire elementals (D)
  A golden eye (D)
  2 chaos spawn (D)
  2 wargs (D)
  4 hell hounds (D)
  A floating eye (D)
  10 water moccasins (D)
  8 small abominations (D)
  An ice beast (D)
  19 orc warriors (D)
  4 starcursed masses (D)
  6 ogres (D)
  A necrophage (D)
  A phantom (D)
  A wolf (D)
  7 crocodiles (D)
  3 wights (D)
  3 crimson imps (D)
  3 quasits (D)
  5 jellies (D)
  4 iron imps (D)
  8 orc priests (D)
  9 orc wizards (D)
  26 mummies (D)
  An adder (D)
  2 shadow imps (D)
  4 white imps (D)
  3 ufetubi (D)
  7 adder zombies (D)
  5 adder skeletons (D)
  3 orcs (D)
  A ball python (D)
  7 bat skeletons (D)
  7 bat zombies (D)
  2 ball python skeletons (D)
  A ball python zombie (D)
  A jackal simulacrum (D)
  A jackal skeleton (D)
  A leopard gecko skeleton (D)
  2 leopard gecko zombies (D)
  A quokka skeleton (D)
  2 quokka zombies (D)
  18 briar patches (D)
  A butterfly (D)
  3 fire vortices (D)
  A lurking horror (D)
  17 tentacles (D)
562 creatures vanquished.

Vanquished Creatures (others)
  2 spatial maelstroms (D)
  2 briar patches (D)
  A fire vortex (D)
  A lurking horror (D)
  2 starspawn tentacles (D)
  33 tentacles (D)
41 creatures vanquished.

Grand Total: 603 creatures vanquished

Notes
Turn   | Place    | Note
-------+----------+-------------------------------------------
     0 | D        | varam the Demonspawn Monk began the quest for the Orb.
     0 | D        | Reached XP level 1. HP: 18/18 MP: 1/1
     0 | D        | Found a deep blue altar of Sif Muna.
     0 | D        | Found a sacrificial altar of Ru.
     0 | D        | Found a bloodstained altar of Trog.
     0 | D        | Found a stormy altar of Qazlal.
     0 | D        | Found an iron altar of Okawaru.
     0 | D        | Found a sparkling altar of Nemelex Xobeh.
     0 | D        | Found a blossoming altar of Fedhas.
     2 | D        | Found an ancient bone altar of Kikubaaqudgha.
     2 | D        | Found a corrupted altar of Lugonu.
     2 | D        | Found a viscous altar of Jiyva.
     2 | D        | Found a burning altar of Makhleb.
     2 | D        | Found a hazy altar of Hepliaklqana.
     2 | D        | Found an opulent altar of Gozag.
     5 | D        | Banished a spatial maelstrom
     9 | D        | Banished a spatial maelstrom
    70 | D        | Became a worshipper of Qazlal Stormbringer
    70 | D        | Reached * piety under Qazlal
    70 | D        | Reached ** piety under Qazlal
    77 | D        | Entered arena 1.
    77 | D        | Noticed a jelly
    77 | D        | Noticed a floating eye
    79 | D        | Killed a jelly
    79 | D        | Reached skill level 4 in Axes
    79 | D        | Reached skill level 1 in Armour
    79 | D        | Reached skill level 2 in Shields
    79 | D        | Reached skill level 2 in Invocations
    79 | D        | Gained mutation: You are partially covered in molten scales. (AC +2) [demonic ancestry]
    79 | D        | Reached XP level 2. HP: 25/25 MP: 2/4
    79 | D        | Gained mutation: You have a pair of small horns on your head. [demonic ancestry]
    79 | D        | Reached XP level 3. HP: 30/30 MP: 2/5
    80 | D        | Killed a floating eye
    80 | D        | Reached skill level 4 in Fighting
    80 | D        | Reached skill level 5 in Axes
    80 | D        | Reached skill level 3 in Armour
    80 | D        | Reached skill level 3 in Shields
    80 | D        | Reached skill level 4 in Invocations
    80 | D        | Reached XP level 4. HP: 38/38 MP: 2/7
    83 | D        | Got the ring of Lies {+Blink rF- rC+ rN+ Int+4}
    86 | D        | Got the ring "Xoasuink" {rC+ rN+ MR+ Int+2}
   129 | D        | Entered arena 2.
   129 | D        | Noticed a water moccasin
   132 | D        | Reached skill level 5 in Fighting
   132 | D        | Reached XP level 5. HP: 44/44 MP: 8/8
   132 | D        | Reached *** piety under Qazlal
   132 | D        | Reached skill level 6 in Axes
   132 | D        | Reached skill level 5 in Invocations
   133 | D        | Killed a water moccasin
   133 | D        | Reached skill level 7 in Axes
   133 | D        | Reached skill level 4 in Armour
   133 | D        | Reached skill level 4 in Shields
   133 | D        | Reached skill level 6 in Invocations
   139 | D        | Identified the Disquisition on Lethal Poison (You found it in the Dungeon)
   141 | D        | Entered arena 3.
   144 | D        | Reached **** piety under Qazlal
   146 | D        | Gained mutation: Your flesh is cold resistant. (rC+) [demonic ancestry]
   146 | D        | Reached XP level 6. HP: 52/52 MP: 10/10
   152 | D        | Identified Soasi's Volume of Assistive Weightlessness (You found it in the Dungeon)
   153 | D        | Entered arena 4.
   156 | D        | Reached skill level 6 in Fighting
   157 | D        | Reached skill level 8 in Axes
   157 | D        | Reached skill level 5 in Armour
   157 | D        | Reached skill level 5 in Shields
   157 | D        | Reached skill level 7 in Invocations
   161 | D        | Got the ring of Mafupock {rPois MR++ MP-9 Str+7}
   213 | D        | Entered arena 5.
   216 | D        | Reached ***** piety under Qazlal
   258 | D        | Entered arena 6.
   258 | D        | Noticed an orc warrior
   258 | D        | Noticed an orc warrior
   258 | D        | Noticed an orc warrior
   263 | D        | Killed an orc warrior
   263 | D        | Reached skill level 9 in Axes
   263 | D        | Reached skill level 8 in Invocations
   263 | D        | Reached XP level 7. HP: 52/59 MP: 2/13
   266 | D        | Reached skill level 10 in Axes
   266 | D        | Reached skill level 9 in Invocations
   271 | D        | Got the cursed +0 pair of gloves of the Heron {Dex+3}
   284 | D        | Entered arena 7.
   284 | D        | Noticed a starcursed mass
   284 | D        | Noticed a tentacled starspawn
   284 | D        | Noticed a green very ugly thing
   290 | D        | Killed a tentacled starspawn
   290 | D        | Reached ****** piety under Qazlal
   290 | D        | Reached skill level 13 in Axes
   290 | D        | Reached skill level 13 in Invocations
   290 | D        | Reached XP level 8. HP: 55/65 MP: 5/18
   290 | D        | Reached XP level 9. HP: 60/71 MP: 5/19
   293 | D        | Killed a green very ugly thing
   293 | D        | Reached skill level 14 in Axes
   293 | D        | Reached skill level 14 in Invocations
   294 | D        | Reached skill level 15 in Axes
   297 | D        | Killed a starcursed mass
   302 | D        | Killed a starcursed mass
   302 | D        | Reached skill level 15 in Invocations
   302 | D        | Gained mutation: You have a pair of horns on your head. [demonic ancestry]
   302 | D        | Reached XP level 10. HP: 30/77 MP: 6/21
   307 | D        | Got the ring of Pessimism {Ice MR+ Int+4 Dex+4}
   509 | D        | Entered arena 8.
   509 | D        | Noticed a hell hog
   512 | D        | Reached skill level 16 in Axes
   514 | D        | Killed a hell hog
   514 | D        | Reached skill level 16 in Invocations
   643 | D        | Entered arena 9.
   643 | D        | Noticed a mummy priest
   646 | D        | Killed a mummy priest
   646 | D        | Reached skill level 7 in Fighting
   646 | D        | Reached skill level 2 in Spellcasting
   700 | D        | Entered arena 10.
   710 | D        | Reached skill level 3 in Spellcasting
   998 | D        | Entered arena 11.
   998 | D        | Noticed a vault guard
   998 | D        | Noticed a vault guard
   998 | D        | Noticed a shadow dragon
   999 | D        | Noticed a vault guard
   999 | D        | Noticed a vault guard
   999 | D        | Noticed a vault guard
   999 | D        | Noticed a vault guard
  1001 | D        | Reached skill level 8 in Fighting
  1001 | D        | Reached skill level 17 in Axes
  1001 | D        | Killed a vault guard
  1001 | D        | Reached skill level 4 in Spellcasting
  1001 | D        | Reached skill level 17 in Invocations
  1001 | D        | Reached XP level 11. HP: 71/87 MP: 14/23
  1001 | D        | Killed a shadow dragon
  1001 | D        | Reached skill level 9 in Fighting
  1001 | D        | Killed a vault guard
  1001 | D        | Reached skill level 5 in Spellcasting
  1001 | D        | Killed a vault guard
  1001 | D        | Reached skill level 10 in Fighting
  1001 | D        | Reached skill level 18 in Invocations
  1001 | D        | Killed a vault guard
  1001 | D        | Killed a vault guard
  1006 | D        | Killed a vault guard
  1006 | D        | Reached skill level 3 in Dodging
  1006 | D        | Reached skill level 6 in Spellcasting
  1068 | D        | Entered arena 12.
  1068 | D        | Noticed a skeletal warrior
  1068 | D        | Noticed a skeletal warrior
  1072 | D        | Reached skill level 11 in Fighting
  1072 | D        | Reached skill level 18 in Axes
  1072 | D        | Reached skill level 19 in Invocations
  1072 | D        | Killed a skeletal warrior
  1072 | D        | Reached skill level 6 in Armour
  1072 | D        | Killed a skeletal warrior
  1072 | D        | Reached skill level 4 in Dodging
  1072 | D        | Reached skill level 6 in Shields
  1140 | D        | Entered arena 13.
  1145 | D        | Noticed a mummy priest
  1146 | D        | Noticed a greater mummy
  1147 | D        | Reached XP level 12. HP: 48/99 MP: 16/25
  1147 | D        | Killed a mummy priest
  1147 | D        | Reached skill level 12 in Fighting
  1167 | D        | Killed a greater mummy
  1167 | D        | Reached skill level 13 in Fighting
  1167 | D        | Reached skill level 7 in Armour
  1167 | D        | Reached skill level 6 in Dodging
  1167 | D        | Reached skill level 7 in Shields
  1167 | D        | Reached skill level 20 in Invocations
  1256 | D        | Got the cursed ring "Caczej" {*Corrode rPois EV-2 Dex+9}
  1451 | D        | Entered arena 14.
  1452 | D        | Noticed a death ooze
  1452 | D        | Noticed a death ooze
  1454 | D        | Killed a death ooze
  1454 | D        | Reached skill level 8 in Armour
  1454 | D        | Reached skill level 8 in Shields
  1454 | D        | Killed a death ooze
  1454 | D        | Reached skill level 21 in Invocations
  1467 | D        | Identified Fod Reimul's Handbook of Warped Cold (You found it in the Dungeon)
  1468 | D        | Identified the Guide on Cloudy Snow (You found it in the Dungeon)
  1469 | D        | Identified Fod Reimul's Handbook of Warped Cold (You found it in the Dungeon)
  1476 | D        | Learned a level 6 spell: Statue Form
  1479 | D        | Identified the Guide on Cloudy Snow (You found it in the Dungeon)
  1502 | D        | Entered arena 15.
  1504 | D        | Reached skill level 7 in Dodging
  1504 | D        | Reached skill level 14 in Fighting
  1526 | D        | Entered arena 16.
  1528 | D        | Noticed a merfolk impaler
  1528 | D        | Noticed a merfolk impaler
  1529 | D        | Noticed a merfolk impaler
  1529 | D        | Noticed a merfolk javelineer
  1529 | D        | Noticed a merfolk javelineer
  1530 | D        | Noticed a merfolk javelineer
  1530 | D        | Noticed a merfolk javelineer
  1530 | D        | Noticed a merfolk javelineer
  1530 | D        | Gained mutation: You are immune to rotting. [demonic ancestry]
  1530 | D        | Reached XP level 13. HP: 94/113 MP: 13/27
  1530 | D        | Killed a merfolk javelineer
  1530 | D        | Reached skill level 9 in Shields
  1530 | D        | Reached skill level 9 in Armour
  1530 | D        | Killed a merfolk impaler
  1530 | D        | Killed a merfolk javelineer
  1530 | D        | Killed a merfolk javelineer
  1530 | D        | Reached skill level 15 in Fighting
  1530 | D        | Reached skill level 10 in Shields
  1530 | D        | Killed a merfolk impaler
  1530 | D        | Reached skill level 10 in Armour
  1530 | D        | Killed a merfolk javelineer
  1530 | D        | Killed a merfolk javelineer
  1530 | D        | Reached skill level 22 in Invocations
  1532 | D        | Killed a merfolk impaler
  1575 | D        | Entered arena 17.
  1577 | D        | Noticed a reaper
  1582 | D        | Reached skill level 11 in Shields
  1582 | D        | Reached skill level 11 in Armour
  1588 | D        | Killed a reaper
  1638 | D        | Entered arena 18.
  1638 | D        | Noticed a vampire knight
  1639 | D        | Noticed a vampire knight
  1639 | D        | Noticed a vampire knight
  1639 | D        | Noticed a vampire knight
  1641 | D        | Killed a vampire knight
  1641 | D        | Reached skill level 16 in Fighting
  1641 | D        | Killed a vampire knight
  1641 | D        | Killed a vampire knight
  1641 | D        | Killed a vampire knight
  1641 | D        | Reached skill level 12 in Armour
  1641 | D        | Reached skill level 12 in Shields
  1643 | D        | Noticed a lich
  1647 | D        | Noticed a ghoul
  1653 | D        | Killed a lich
  1653 | D        | Killed a ghoul
  1653 | D        | Gained mutation: You may emit foul miasma when damaged in melee. [demonic ancestry]
  1653 | D        | Reached XP level 14. HP: 113/126 MP: 7/29
  1710 | D        | Reached skill level 7 in Spellcasting
  1710 | D        | Gained mutation: You are mostly covered in molten scales. (AC +3) [demonic ancestry]
  1710 | D        | Reached XP level 15. HP: 128/133 MP: 11/30
  1720 | D        | Entered arena 19.
  1731 | D        | Reached skill level 17 in Fighting
  1731 | D        | Reached skill level 13 in Armour
  1731 | D        | Reached skill level 13 in Shields
  1731 | D        | Reached skill level 8 in Spellcasting
  1744 | D        | Got the ring of Vaup {*Slow rF+ EV+2 Dex+2 Slay+2}
  1767 | D        | Entered arena 20.
  1774 | D        | Noticed an orb of fire
  1778 | D        | Reached skill level 23 in Invocations
  1778 | D        | Reached skill level 14 in Armour
  1778 | D        | Reached skill level 14 in Shields
  1778 | D        | Reached skill level 9 in Spellcasting
  1778 | D        | Reached skill level 18 in Fighting
  1791 | D        | Killed an orb of fire
  1804 | D        | Got the ring of Afaan {rC+ rN+ Str+2}
  1820 | D        | Got the ring "Oxuxu" {rCorr Str+2 Int+3 Dex-5}
  1823 | D        | Got the ring "Yrphuwucs" {rElec rF+ EV+3}
  1897 | D        | Entered arena 21.
  1902 | D        | Noticed a thorn hunter
  1902 | D        | Noticed a thorn hunter
  1903 | D        | Noticed a thorn hunter
  1904 | D        | Reached skill level 15 in Armour
  1904 | D        | Reached skill level 15 in Shields
  1904 | D        | Reached skill level 19 in Fighting
  1904 | D        | Reached skill level 24 in Invocations
  1904 | D        | Killed a thorn hunter
  1904 | D        | Killed a thorn hunter
  1904 | D        | Reached skill level 16 in Armour
  1904 | D        | Reached skill level 16 in Shields
  1904 | D        | Killed a thorn hunter
  1910 | D        | Gained mutation: You are robust. (+10% HP) [demonic ancestry]
  1910 | D        | Reached XP level 16. HP: 81/162 MP: 14/32
  1918 | D        | Reached skill level 20 in Fighting
  1953 | D        | Got the amulet "Jaukaqada" {rN+ MR+ Regen+ Int-5}
  1961 | D        | Got the ring "Wiw Miunt" {+Blink Str+3 Int+4 Dex+5}
  2144 | D        | Entered arena 22.
  2154 | D        | Noticed a deep elf master archer
  2157 | D        | Noticed a deep elf master archer
  2158 | D        | Noticed a deep elf blademaster
  2164 | D        | Noticed a deep elf blademaster
  2167 | D        | Noticed a deep elf master archer
  2169 | D        | Noticed a deep elf master archer
  2170 | D        | Reached skill level 17 in Armour
  2170 | D        | Reached skill level 17 in Shields
  2170 | D        | Reached skill level 25 in Invocations
  2170 | D        | Killed a deep elf master archer
  2170 | D        | Reached skill level 21 in Fighting
  2170 | D        | Killed a deep elf master archer
  2170 | D        | Killed a deep elf master archer
  2171 | D        | Killed a deep elf master archer
  2171 | D        | Reached skill level 18 in Armour
  2171 | D        | Reached skill level 18 in Shields
  2171 | D        | Killed a deep elf blademaster
  2172 | D        | Reached skill level 22 in Fighting
  2183 | D        | Killed a deep elf blademaster
  2439 | D        | Entered arena 23.
  2452 | D        | Noticed an Executioner
  2452 | D        | Noticed Budyl the pandemonium lord
  2456 | D        | Reached skill level 19 in Armour
  2456 | D        | Reached skill level 19 in Shields
  2456 | D        | Reached skill level 26 in Invocations
  2456 | D        | Killed an Executioner
  2458 | D        | Killed Budyl the pandemonium lord
  2459 | D        | Noticed a tentacled starspawn
  2460 | D        | Noticed a lich
  2464 | D        | Reached skill level 23 in Fighting
  2464 | D        | Gained mutation: You have a pair of large horns on your head. [demonic ancestry]
  2464 | D        | Reached XP level 17. HP: 179/179 MP: 11/34
  2464 | D        | Killed a lich
  2464 | D        | Reached skill level 20 in Armour
  2464 | D        | Reached skill level 20 in Shields
  2482 | D        | Got the cursed ring of the Scarab {AC-3 SInv}
  2670 | D        | Entered arena 24.
  2685 | D        | Reached skill level 27 in Invocations
  2685 | D        | Reached skill level 24 in Fighting
  2685 | D        | Reached skill level 21 in Shields
  2685 | D        | Reached skill level 21 in Armour
  2709 | D        | Noticed a kraken
  2709 | D        | Noticed a kraken
  2722 | D        | Killed a kraken
  2730 | D        | Killed a kraken
  2737 | D        | Noticed a kraken
  2737 | D        | Noticed a kraken
  2742 | D        | Noticed a kraken
  2743 | D        | Noticed a kraken
  2750 | D        | Killed a kraken
  2750 | D        | Reached skill level 25 in Fighting
  2751 | D        | Killed a kraken
  2751 | D        | Reached skill level 22 in Shields
  2764 | D        | Killed a kraken
  2764 | D        | Reached skill level 22 in Armour
  2764 | D        | Killed a kraken
  2929 | D        | Identified the Incunabulum of Clay and Transformation (You found it in the Dungeon)
  3050 | D        | Entered arena 25.
  3077 | D        | Reached skill level 26 in Fighting
  3181 | D        | Entered arena 26.
  3189 | D        | Noticed a greater mummy
  3198 | D        | Reached skill level 23 in Shields
  3198 | D        | Reached skill level 23 in Armour
  3198 | D        | Killed a greater mummy
  3198 | D        | Reached XP level 18. HP: 68/198 MP: 26/35
  3198 | D        | Killed a lich
  3202 | D        | Noticed a greater mummy
  3204 | D        | Noticed a greater mummy
  3206 | D        | Noticed a greater mummy
  3207 | D        | Killed a greater mummy
  3207 | D        | Reached skill level 27 in Fighting
  3207 | D        | Reached skill level 24 in Armour
  3207 | D        | Reached skill level 24 in Shields
  3207 | D        | Killed a greater mummy
  3209 | D        | Killed a greater mummy
  3219 | D        | Reached skill level 25 in Armour
  3219 | D        | Reached skill level 25 in Shields
  3228 | D        | HP: 19/200 [death scarab (19)]
  3538 | D        | Got the cursed quicksilver dragon scales of Conscience {*Corrode +Blink MR+ Int-3 Dex+8}
  3576 | D        | Entered arena 27.
  3603 | D        | Reached skill level 8 in Dodging
  3604 | D        | Reached skill level 9 in Dodging
  3605 | D        | Reached skill level 10 in Dodging
  3605 | D        | Reached skill level 11 in Dodging
  3605 | D        | Reached skill level 12 in Dodging
  3605 | D        | Reached skill level 13 in Dodging
  3617 | D        | Reached skill level 14 in Dodging
  3617 | D        | Reached skill level 15 in Dodging
  3617 | D        | Reached skill level 16 in Dodging
  3617 | D        | Reached skill level 17 in Dodging
  3636 | D        | Reached skill level 18 in Dodging
  3720 | D        | Got the Orb of Zot
  3725 | D        | Escaped with the Orb!

Skill      XL: |  1  2  3  4  5  6  7  8  9 10 11 12 13 14 15 16 17 18 |
---------------+-------------------------------------------------------+-----
Axes           | 4 5 7 9 13 15 17 18 | 18.0
Armour         | 1 3 4 5 6 8 12 16 19 23 25 | 25.1
Shields        | 2 3 4 5 6 8 12 16 19 23 25 | 25.1
Invocations    | 2 4 6 8 13 15 17 19 21 22 24 26 27 | 27.0
Fighting       | 4 5 6 8 11 14 16 19 23 26 27 | 27.0
Spellcasting   | 4 6 7 9 |  9.8
Dodging        | 4 7 18 | 18.1
Stealth        | |  1.7

Action                   |  1- 3 |  4- 6 |  7- 9 | 10-12 | 13-15 | 16-18 || total
-------------------------+-------+-------+-------+-------+-------+-------++-------
Melee: Broad axe         |     2 |    15 |    17 |    27 |    36 |   147 ||   244
       Headbutt          |       |     3 |     3 |     5 |     7 |    41 ||    59
Invok: Disaster Area     |       |       |       |     8 |     9 |    20 ||    37
  Use: Scroll            |       |     4 |       |     2 |     8 |     6 ||    20
       Potion            |       |       |     1 |     1 |     2 |     8 ||    12
  Eat: Chunk             |       |       |       |     1 |       |       ||     1
       Bread ration      |       |       |       |     1 |       |     2 ||     3
       Royal jelly       |       |       |       |       |       |     1 ||     1
Armor: Plate armour      |       |     3 |     2 |    12 |     2 |       ||    19
       Gold dragon scale |       |       |       |       |    13 |    65 ||    78
Dodge: Dodged            |       |       |       |     1 |     4 |    13 ||    18
       Deflected         |       |       |       |       |     1 |     2 ||     3
Block: Shield            |     1 |    27 |    21 |    33 |    57 |   314 ||   453
